 Dungeon Crawl Stone Soup version 0.16.1-11-g651b585 (webtiles) character file.

594 vatarom the Changer (level 7, -6/42 (46) HPs)
             Began as an Octopode Transmuter on Apr 2, 2015.
             Mangled by an ice beast (14 damage)
             ... on level 5 of the Dungeon on Apr 4, 2015.
             The game lasted 00:10:05 (5145 turns).

vatarom the Changer (Octopode Transmuter)           Turns: 5145, Time: 00:10:06

HP:   -6/42 (46)    AC:  1    Str: 11    XL:     7   Next: 39%
MP:   3/12          EV: 13    Int: 16    God:
Gold: 210           SH:  0    Dex: 12    Spells: 4 memorised, 0 levels left

rFire  . . .     SeeInvis .       - Unarmed
rCold  . . .     Clarity  .     (no shield)
rNeg   . . .     SustAb   .     (helmet restricted)
rPois  .         Gourm    .     (no amulet)
rElec  .         Spirit   .     (no ring)
rCorr  .         Warding  .     (no ring)
rMut   .         Stasis   .     (no ring)
MR     .....                    (no ring)
Stlth  +++.......               (no ring)
                                (no ring)
                                (no ring)
                                (no ring)

@: very slightly contaminated, not resistant to hostile enchantments, fairly
stealthy
A: almost no armour, amphibious, 8 rings, constrict 8, tentacle spike 1,
camouflage 1, gelatinous body 1
a: no special abilities


You were on level 5 of the Dungeon.
You were full.

You visited 1 branch of the dungeon, and saw 5 of its levels.

You collected 210 gold pieces.

Inventory:

Missiles
 a - 17 arrows of dispersal
 b - 51 arrows
 c - 31 arrows of flame
Scrolls
 g - 3 scrolls of identify
 j - a scroll of enchant weapon
 k - a scroll of remove curse
Potions
 e - 2 potions of agility
 h - 3 potions of curing
Books
 d - a book of Changes

   Spells                             Type                      Level
   a - Beastly Appendage              Transmutation                1
   b - Sticks to Snakes               Transmutation                2
   c - Spider Form                    Transmutation/Poison         3
   d - Ice Form                       Ice/Transmutation            4
   e - Blade Hands                    Transmutation                5
Comestibles
 f - 2 fruits
 i - a bread ration


   Skills:
 - Level 3.4 Fighting
 + Level 4.1 Dodging
 - Level 2.2 Stealth
 + Level 3.9 Unarmed Combat
 - Level 2.0 Spellcasting
 * Level 5.0 Transmutations
 * Level 1.1 Ice Magic


You couldn't memorise any spells.
You knew the following spells:

 Your Spells              Type           Power        Failure   Level  Hunger
a - Beastly Appendage     Trmt           ###...       2%          1    #......
b - Sticks to Snakes      Trmt           ###.......   4%          2    ###....
c - Spider Form           Trmt/Pois      #.........   21%         3    ###....
d - Ice Form              Ice/Trmt       ##......     63%         4    #####..


Dungeon Overview and Level Annotations

Branches:
Dungeon (5/15)
 Temple: D:4-7

Altars:
Ashenzari
Kikubaaqudgha
Nemelex Xobeh
Ru


Innate Abilities, Weirdness & Mutations

You cannot wear most types of armour.
You are amphibious.
You can wear up to eight rings at the same time.
You can use your tentacles to constrict many enemies at once.
Your skin changes colour to match your surroundings (Stealth).
Your rubbery body absorbs attacks (AC +1).
One of your tentacles bears a spike.


Message History

Confirm with . or Enter, or press ? or * to list all spells.
You don't have enough magic to cast that spell.
The ice beast hits you. The ice beast freezes you!
You barely miss the ice beast.
Your tentacle spike misses the ice beast.
You squeeze the ice beast.
The ice beast is moderately wounded.
The ice beast misses you.
You closely miss the ice beast.
The ice beast is moderately wounded.
The ice beast hits you. The ice beast freezes you!
* * * LOW HITPOINT WARNING * * *
You tentacle-slap the ice beast.
You pierce the ice beast, but do no damage.
Your tentacle-slap misses the ice beast.
The ice beast is moderately wounded.
The ice beast hits you.
* * * LOW HITPOINT WARNING * * *
The ice beast freezes you!
You die...

###...### #.......#
#.......# #.......#
#.......# ###...###
##..#..#
##..###.######.... #
#..#....@Y........
#########.#(..............
.........................
##......)....._.........#
#.>..#..................#
..####....##............
.## #..#..#.....#.#.## ##
#...##............ #...##
##.......


You could see an ice beast.

Vanquished Creatures
  A necrophage (D:5)
  An ogre (D:4)
  An orc priest (D:4)
  A hound (D:5)
  3 orc wizards
  An iguana (D:4)
  2 worker ants (D:4)
  A worker ant zombie (D:3)
  7 adders
  3 gnolls (D:3)
  2 giant mites (D:3)
  2 worms
  A giant gecko (D:2)
  2 oozes
  8 orcs
  4 giant cockroaches
  8 goblins
  10 hobgoblins
  7 jackals (D:4)
  A quokka (D:4)
  8 bats
  3 giant newts
  9 kobolds
  10 rats
96 creatures vanquished.

Notes
Turn   | Place    | Note
--------------------------------------------------------------
     0 | D:1      | vatarom, the Octopode Transmuter, began the quest for the Orb.
     0 | D:1      | Reached XP level 1. HP: 13/13 MP: 3/3
   251 | D:1      | Reached skill level 1 in Stealth
   423 | D:1      | Reached XP level 2. HP: 12/18 MP: 4/4
   529 | D:1      | Learned a level 2 spell: Sticks to Snakes
   971 | D:2      | Found an ancient bone altar of Kikubaaqudgha.
  1039 | D:2      | Reached XP level 3. HP: 10/23 MP: 6/6
  1100 | D:2      | Learned a level 3 spell: Spider Form
  1386 | D:2      | Found a sparkling altar of Nemelex Xobeh.
  2170 | D:3      | Reached XP level 4. HP: 15/29 MP: 5/7
  2738 | D:3      | Reached XP level 5. HP: 14/34 MP: 1/9
  3373 | D:4      | Noticed an ogre
  3386 | D:4      | Killed an ogre
  3386 | D:4      | Reached XP level 6. HP: 17/42 MP: 7/10
  3805 | D:4      | Reached skill level 4 in Transmutations
  4375 | D:4      | Gained mutation: One of your tentacles bears a spike. [potion of beneficial mutation]
  4433 | D:4      | Reached XP level 7. HP: 21/46 MP: 12/12
  4836 | D:4      | Learned a level 4 spell: Ice Form
  4978 | D:5      | Entered Level 5 of the Dungeon
  4978 | D:5      | Found a shattered altar of Ashenzari.
  5023 | D:5      | Found a sacrificial altar of Ru.
  5041 | D:5      | Reached skill level 5 in Transmutations
  5041 | D:5      | Reached skill level 1 in Ice Magic
  5145 | D:5      | Mangled by an ice beast

Action                   |  1- 3 |  4- 6 |  7- 9 || total
-------------------------+-------+-------+-------++-------
Melee: Unarmed           |    87 |   131 |    63 ||   281
 Cast: Beastly Appendage |    14 |     3 |       ||    17
       Spider Form       |       |     6 |     2 ||     8
  Use: Potion            |     4 |     8 |       ||    12
       Scroll            |     2 |     4 |       ||     6
 Stab: Sleeping          |     7 |     4 |     1 ||    12
       Distracted        |       |     1 |       ||     1
  Eat: Bread ration      |     1 |     1 |     1 ||     3
       Pizza             |       |     1 |       ||     1
       Chunk             |       |     1 |       ||     1
       Meat ration       |       |     1 |       ||     1
       Fruit             |       |     1 |       ||     1
